 Dungeon Crawl Stone Soup version 0.20.0-6-gd3061e9 (console) character file.

40 removed the Digger (level 3, -4/16 HPs)
             Began as a Vine Stalker Earth Elementalist on May 28, 2017.
             Slain by a worm (10 damage)
             ... on level 2 of the Dungeon.
             The game lasted 00:01:20 (1099 turns).

removed the Digger (VSEE)                           Turns: 1099, Time: 00:01:21

Health: -4/16      AC:  3    Str: 10    XL:     3   Next: 50%
Magic:  0/7        EV: 12    Int: 15    God:
Gold:   44         SH:  0    Dex: 15    Spells: 5/6 levels left

rFire    . . .     SeeInvis .     - Unarmed
rCold    . . .     Gourm    .   (no shield)
rNeg     . . .     Faith    .   c - +0 robe
rPois    .         Spirit   +   (no helmet)
rElec    .         Reflect  .   (no cloak)
rCorr    .         Harm     .   (no gloves)
MR       .....                  n - +0 pair of boots
Stlth    ++........             (no amulet)
Regen    0.1/turn               (no ring)
MPRegen  0.1/turn               (no ring)

@: no status effects
A: fangs 2, magic shield, antimagic bite, no potion heal 3, rot immunity
a: no special abilities


You were on level 2 of the Dungeon.
You were not hungry.

You visited 1 branch of the dungeon, and saw 2 of its levels.

You collected 44 gold pieces.

Inventory:

Missiles
 b - 65 stones (quivered)
Armour
 c - a +0 robe (worn)
 n - a +0 pair of boots (worn)
Scrolls
 f - a scroll of immolation {unknown}
 h - 2 scrolls of amnesia {unknown}
 m - a scroll of identify {unknown}
 o - a scroll of random uselessness {unknown}
 p - a scroll of recharging {unknown}
Potions
 g - 2 potions of curing {unknown}
 k - a potion of lignification {unknown}
 l - a potion of heal wounds {unknown}
Books
 e - a book of Geomancy

   Spells                             Type                      Level
   a - Sandblast                      Earth                        1
   b - Passwall                       Transmutation/Earth          2
   c - Stone Arrow                    Conjuration/Earth            3
   d - Petrify                        Transmutation/Earth          4
   e - Lee's Rapid Deconstruction     Earth                        5
Comestibles
 d - a bread ration
 j - 2 meat rations
 q - 2 chunks of flesh


   Skills:
 - Level 1.5 Dodging
 - Level 2.4 Stealth
 + Level 3.0 Unarmed Combat
 - Level 2.1 Spellcasting
   Level 1.0 Transmutations
 - Level 3.0 Earth Magic


You had 5 spell levels left.
You knew the following spells:

 Your Spells              Type           Power        Failure   Level  Hunger
a - Sandblast             Erth           ##....       6%          1    #......


Dungeon Overview and Level Annotations

Branches:
Dungeon (2/15)

Altars:
Ashenzari
Sif Muna
Zin


Innate Abilities, Weirdness & Mutations

You have extremely sharp teeth.
When hurt, damage is shared between your health and your magic reserves.
Your bite disrupts and absorbs the magic of your enemies.
Potions cannot restore your health.
You are immune to rotting.


Message History

A frilled lizard comes into view.
Found a ruby potion.
There is a stone staircase leading up here.
You hit the worm.
The worm is lightly wounded.
You hit the worm. Your bite misses the worm.
The worm is moderately wounded.
The worm bites you!
You hit the worm. Your bite misses the worm.
The worm is heavily wounded.
The worm bites you.
You are too injured to fight recklessly!
You hit the worm.
The worm is severely wounded.
The frilled lizard barely misses you.
You hit the worm but do no damage. You bite the worm, but do no damage.
The worm is severely wounded.
The worm bites you!
Ouch! That really hurt!
You die...

#!.## ###.#.## .# #......##
. #.#.#...# . #......# .#
#†.....####.####
#...............
#.#.##...l....#
#.......@.....## ..
###.###.w.....##. . #
##...##.......##. .##.#
#..#.##.......##.. ..#.#
#....##.......##..##.#.#
####.#####.......##.......#
#.......##.##.#.###...<...#
#.##.##.##! ....######.###
###.##.##.##. #..##...#.#


You could see a worm and a frilled lizard.

Vanquished Creatures
  3 dart slugs
  A leopard gecko (D:2)
  3 giant cockroaches
  5 hobgoblins
  2 kobolds (D:2)
  8 bats
  A frilled lizard (D:1)
  5 goblins
  2 rats (D:1)
30 creatures vanquished.

Notes
Turn   | Place    | Note
-------+----------+-------------------------------------------
     0 | D:1      | removed the Vine Stalker Earth Elementalist began the quest for the Orb.
     0 | D:1      | Reached XP level 1. HP: 9/9 MP: 4/4
   195 | D:1      | Reached skill level 1 in Unarmed Combat
   254 | D:1      | Reached XP level 2. HP: 12/13 MP: 4/6
   787 | D:2      | Found a deep blue altar of Sif Muna.
   788 | D:2      | Found a shattered altar of Ashenzari.
   789 | D:2      | Found a glowing silver altar of Zin.
   870 | D:2      | Reached XP level 3. HP: 14/16 MP: 7/7
  1099 | D:2      | Slain by a worm

Skill      XL: |  1  2  3 |
---------------+----------+-----
Unarmed Combat | 1 2 3 |  3.0
Dodging        | |  1.5
Stealth        | |  2.4
Spellcasting   | |  2.1
Transmutations | |  1.0
Earth Magic    | |  3.0

Action                   || total
-------------------------++-------
Melee: Unarmed           ||   103
       Bite              ||    28
       Punch             ||     1
 Stab: Sleeping          ||    10
  Eat: Chunk             ||     1
Armor: Robe              ||    31
Dodge: Dodged            ||    75
